 Dungeon Crawl Stone Soup version 0.25.0-1-g7eea58d (webtiles) character file.

Game seed: 3322829333078080292

1021 Dorkslayer the Slasher (level 7, -6/59 HPs)
             Began as a Demigod Fighter on June 27, 2020.
             Mangled by an ogre
             ... wielding a +0 giant club
              (16 damage)
             ... on level 5 of the Dungeon.
             The game lasted 00:13:44 (3367 turns).

Dorkslayer the Slasher (Demigod Fighter)            Turns: 3367, Time: 00:13:44

Health: -6/59      AC: 10    Str: 23    XL:     7   Next: 71%
Magic:  11/11      EV:  7    Int: 12    God:
Gold:   214        SH:  6    Dex: 21    Spells: 6/6 levels left

rFire    + . .     SeeInvis .   a - +1 long sword
rCold    . . .     Gourm    .   g - +0 buckler
rNeg     . . .     Faith    .   n - +0 plate armour
rPois    .         Spirit   .   (no helmet)
rElec    .         Reflect  .   b - +0 cloak
rCorr    .         Harm     .   (no gloves)
MR       +....     Clarity  +   i - +1 pair of boots
Stlth    ..........             (no amulet)
HPRegen  0.19/turn              p - +6 ring of dexterity
MPRegen  0.12/turn              (no ring)

@: no status effects
A: clarity, deformed body, fire resistance 1, high mp 1, magic resistance 1
a: no special abilities


You were on level 5 of the Dungeon.
You were not hungry.

You visited 1 branch of the dungeon, and saw 5 of its levels.

You collected 214 gold pieces.

Inventory:

Hand Weapons
 a - a +1 long sword (weapon)
Missiles
 l - 15 poisoned darts (quivered)
 m - 5 datura-tipped darts
Armour
 b - a +0 cloak (worn)
 c - a +0 kite shield
 g - a +0 buckler (worn)
 i - a +1 pair of boots (worn)
 n - a +0 plate armour (worn)
Jewellery
 p - a +6 ring of dexterity (left hand)
Wands
 k - a wand of flame (23)
Scrolls
 e - a scroll of remove curse {unknown}
 h - 2 scrolls of blinking
 j - a scroll of fog
 s - 4 scrolls of teleportation
Potions
 o - a potion of heal wounds
 q - a potion of cancellation
 r - 2 potions of curing
Comestibles
 d - 7 chunks of flesh
 f - 6 rations


   Skills:
 + Level 4.1 Fighting
 + Level 5.3 Long Blades
 + Level 1.5 Throwing
 + Level 4.1 Armour
 + Level 1.4 Dodging
 + Level 4.1 Shields
 * Level 2.7 Evocations


You had 6 spell levels left.
You didn't know any spells.
Your spell library contained the following spells:

 Spells                   Type           Power        Failure   Level  Hunger
 Animate Skeleton         Necr           N/A          99%         1    ##.....
 Pain                     Necr           #...         99%         1    ##.....
 Vampiric Draining        Necr           #.........   100%        3    ####...
 Animate Dead             Necr           N/A          100%        4    #####..
 Agony                    Necr           #.......     100%        5    ######.


Dungeon Overview and Level Annotations

Branches:
Dungeon (5/15)
 Temple: D:4-7


Innate Abilities, Weirdness & Mutations

You have an increased reservoir of magic. (+10% MP)
You possess an exceptional clarity of mind.
Armour fits poorly on your strangely shaped body.
Your flesh is heat resistant. (rF+)
You are resistant to hostile enchantments. (MR+)


Message History

The poisoned dart completely misses the ogre.
You completely miss the ogre. You block the ogre's attack.
You slash the ogre!
The ogre is moderately wounded.
The ogre hits you but does no damage.
You slash the ogre!
The ogre is severely wounded.
You block the ogre's attack.
You hit the ogre.
The ogre is severely wounded.
The ogre hits you with a +0 giant club!
* * * LOW HITPOINT WARNING * * *
Your plate armour prevents you from hitting the ogre.
The ogre is severely wounded.
The ogre hits you with a +0 giant club.
* * * LOW HITPOINT WARNING * * *
You hit the ogre.
The ogre is severely wounded.
The ogre hits you with a +0 giant club!
You die...

##.##.....#...#
..........#...#
.#.##.....#...#
#.....#...# ###
...#####...#...
.#.#####...#.# ##
......(.....# ..
.####....###.##.#
#....O@.....#
#....###.#....
#.#### # # #. #.
#.


You could see an ogre.

Vanquished Creatures
  A sky beast (D:5)
  An ogre (D:4)
  A bullfrog (D:3)
  A gnoll sergeant (D:5)
  A howler monkey (D:4)
  3 hounds
  A gnoll shaman (D:4)
  A jelly (D:5)
  5 orc wizards
  3 worker ants
  A hound zombie (D:5)
  11 gnolls
  11 adders
  2 oozes
  An adder skeleton (D:5)
  A worm (D:5)
  3 dart slugs
  3 leopard geckos
  5 orcs
  6 giant cockroaches
  10 goblins
  8 hobgoblins
  7 jackals
  8 kobolds
  3 quokkas
  A ball python (D:2)
  7 bats
  5 frilled lizards
  9 rats
120 creatures vanquished.

Notes
Turn   | Place    | Note
-------+----------+-------------------------------------------
     0 | D:1      | Dorkslayer the Demigod Fighter began the quest for the Orb.
     0 | D:1      | Reached XP level 1. HP: 18/18 MP: 3/3
   259 | D:1      | Reached skill level 2 in Long Blades
   259 | D:1      | Reached XP level 2. HP: 25/25 MP: 4/4
   744 | D:2      | Found a faded altar of an unknown god.
   776 | D:2      | Reached XP level 3. HP: 23/31 MP: 5/5
   806 | D:2      | Reached skill level 1 in Dodging
   926 | D:2      | Reached XP level 4. HP: 38/38 MP: 6/6
  1645 | D:3      | Noticed a bullfrog
  1656 | D:3      | Killed a bullfrog
  1656 | D:3      | Reached skill level 3 in Long Blades
  1656 | D:3      | Reached XP level 5. HP: 18/45 MP: 7/7
  1708 | D:3      | Gained mutation: Your body sometimes deteriorates upon
                  | taking damage. [potion of mutation]
  1708 | D:3      | Gained mutation: Your spells are a little harder to cast,
                  | but a little more powerful. [potion of mutation]
  1709 | D:3      | Lost mutation: Your spells are a little harder to cast, but
                  | a little more powerful. [potion of mutation]
  1709 | D:3      | Lost mutation: Your body sometimes deteriorates upon taking
                  | damage. [potion of mutation]
  1709 | D:3      | Gained mutation: You are resistant to hostile enchantments.
                  | (MR+) [potion of mutation]
  1709 | D:3      | Gained mutation: Your flesh is heat resistant. (rF+)
                  | [potion of mutation]
  1709 | D:3      | Gained mutation: Armour fits poorly on your strangely
                  | shaped body. [potion of mutation]
  1709 | D:3      | Gained mutation: You possess an exceptional clarity of
                  | mind. [potion of mutation]
  2221 | D:4      | Reached skill level 1 in Throwing
  2287 | D:4      | Reached XP level 6. HP: 21/51 MP: 8/8
  2361 | D:4      | Reached skill level 4 in Long Blades
  2361 | D:4      | Reached skill level 1 in Evocations
  3027 | D:5      | Entered Level 5 of the Dungeon
  3050 | D:4      | Reached XP level 7. HP: 47/58 MP: 10/10
  3198 | D:5      | Reached skill level 5 in Long Blades
  3367 | D:5      | Mangled by an ogre

Illustrated notes

Levels and vault maps discovered:
D:1:      matt_arrival_los_fun, layout_loops_ring
D:2:      layout_rooms, chequers_ecumenical_altar_simple_redux,
          kennysheep_generic_room_14
D:3:      layout_basic, first_ration, hex_tiny
D:4:      layout_basic
D:5:      layout_basic, uniq_prince_ribbit1

Skill      XL: |  1  2  3  4  5  6  7 |
---------------+----------------------+-----
Long Blades    | 2 3 4 5 |  5.3
Armour         | 3 4 |  4.1
Shields        | 3 4 |  4.1
Fighting       | 3 4 |  4.1
Dodging        | 1 |  1.4
Throwing       | 1 |  1.5
Evocations     | 1 2 |  2.7

Action                   |  1- 3 |  4- 6 |  7- 9 || total
-------------------------+-------+-------+-------++-------
Melee: Long sword        |   126 |   202 |   110 ||   438
Throw: Dart              |     3 |    22 |    12 ||    37
  Use: Potion            |     5 |     3 |     1 ||     9
       Scroll            |       |     9 |       ||     9
  Eat: Chunk             |       |     7 |     2 ||     9
Armor: Scale mail        |    85 |    27 |       ||   112
       Plate armour      |       |    85 |    59 ||   144
Dodge: Dodged            |    46 |    76 |    50 ||   172
Block: Kite shield       |    62 |       |       ||    62
       Buckler           |     5 |    64 |    34 ||   103
       Rpst.: Long sword |    15 |    19 |    16 ||    50
